 Dungeon Crawl Stone Soup version 0.18-b1-2-gd0c887e (webtiles) character file.

244 graki42 the Firebug (level 5, -2/28 HPs)
             Began as a Deep Elf Fire Elementalist on Apr 29, 2016.
             Slain by a slave (7 damage)
             ... led by Pikel
             ... on level 4 of the Dungeon.
             The game lasted 00:15:45 (2413 turns).

graki42 the Firebug (Deep Elf Fire Elementalist)    Turns: 2413, Time: 00:15:46

Health: -2/28      AC:  7    Str:  6    XL:     5   Next: 83%
Magic:  7/14       EV: 13    Int: 20    God:
Gold:   236        SH:  0    Dex: 15    Spells: 4 memorised, 2 levels left

rFire  . . .     SeeInvis .     p - +0 mace (protect)
rCold  . . .     Gourm    .     a - +0 robe
rNeg   . . .     Faith    .     (no shield)
rPois  .         Spirit   .     (no helmet)
rElec  .         Dismiss  .     (no cloak)
rCorr  .         Reflect  .     (no gloves)
SustAt .         Harm     .     (no boots)
MR     .....                    (no amulet)
Stlth  ++........               (no ring)
                                (no ring)

@: very slightly contaminated, not resistant to hostile enchantments, unstealthy
A: no striking features
a: no special abilities


You were on level 4 of the Dungeon.
You were hungry.

You visited 1 branch of the dungeon, and saw 4 of its levels.

You collected 236 gold pieces.

Inventory:

Hand Weapons
 d - a +0 dagger
 p - a +0 mace of protection (weapon)
Armour
 a - a +0 robe (worn)
Wands
 r - a wand of lightning (4/15)
Scrolls
 i - 2 scrolls of fear
 k - 6 scrolls of blinking {unknown}
 l - a scroll of noise {unknown}
 n - 6 scrolls of identify {unknown}
 o - a scroll of fog {unknown}
 q - a scroll of random uselessness {unknown}
 s - a scroll of immolation {unknown}
 v - a scroll of remove curse {unknown}
 y - a scroll of amnesia {unknown}
Potions
 e - a potion of might {unknown}
 f - a potion of heal wounds {unknown}
 g - 2 potions of brilliance {unknown}
 h - 2 potions of cure mutation {unknown}
 j - 2 potions of mutation {unknown}
 u - a potion of invisibility {unknown}
 x - a potion of curing {unknown}
Books
 b - a book of Flames

   Spells                             Type                      Level
   a - Flame Tongue                   Conjuration/Fire             1
   b - Throw Flame                    Conjuration/Fire             2
   c - Conjure Flame                  Conjuration/Fire             3
   d - Inner Flame                    Hexes/Fire                   3
   e - Sticky Flame                   Conjuration/Fire             4
   f - Fireball                       Conjuration/Fire             5
 t - a book of Death

   Spells                             Type                      Level
   a - Corpse Rot                     Necromancy                   2
   b - Sublimation of Blood           Necromancy                   2
   c - Agony                          Necromancy                   5
   d - Dispel Undead                  Necromancy                   5
   e - Excruciating Wounds            Charms/Necromancy            5
   f - Bolt of Draining               Conjuration/Necromancy       5
Comestibles
 c - 5 bread rations
 m - a slice of pizza


   Skills:
 + Level 0.1 Fighting
 + Level 3.5 Dodging
 + Level 2.9 Stealth
 + Level 4.8 Spellcasting
 + Level 3.0 Conjurations
 + Level 5.0 Fire Magic


You had 2 spell levels left.
You knew the following spells:

 Your Spells              Type           Power        Failure   Level  Hunger
a - Flame Tongue          Conj/Fire      ###..        2%          1    None
b - Conjure Flame         Conj/Fire      ###.....     10%         3    ##.....
c - Inner Flame           Hex/Fire       ##......     14%         3    ##.....
d - Sticky Flame          Conj/Fire      ###.....     24%         4    ####...


Dungeon Overview and Level Annotations

Branches:
Dungeon (4/15)
 Temple: D:4-7

Altars:
Elyvilon
Nemelex Xobeh
Trog
Zin

Annotations:
D:4 Pikel


Message History

Aim: a slave, wearing an animal skin You miscast Flame Tongue.
Nothing appears to happen.
Casting: Flame Tongue
Confirm with . or Enter, or press ? or * to list all spells.
Aiming: Flame Tongue
Press: ? - help, Shift-Dir - straight line, f/p - slave
Aim: a slave, wearing an animal skin The flame tongue hits the slave.
The slave is lightly wounded.
The slave hits you.
* * * LOW HITPOINT WARNING * * *
Casting: Flame Tongue
Confirm with . or Enter, or press ? or * to list all spells.
Aiming: Flame Tongue
Press: ? - help, Shift-Dir - straight line, f/p - slave
Aim: a slave, wearing an animal skin (lightly wounded)
The flame tongue hits the slave.
The slave is moderately wounded.
The slave hits you!
You die...

#...#..p#.#.........#........
#.......⌠.⌠.........#........
#......p._..........#........
#.......⌠.⌠.........#...##...
..........#.........#...##...
..........#...[.....#........
#...###'###.........#........
#...#.......p.......#........
#.......@.......#...###'#
#......##########...#....
+......# #....#..÷) #......#
#....#.... #......+
#....#.(.. #......#
##...#.... #
##########...#....
#.......#....#....
#>..<...#....#....


You could see a slave.

Vanquished Creatures
  A slave (D:4)
  The ghost of graki42 the Firebug, an amateur DEFE (D:4)
  An orc wizard (D:2)
  A worker ant (D:4)
  3 adders
  2 oozes
  An adder skeleton (D:4)
  3 worms
  A dart slug (D:1)
  2 giant geckos
  5 orcs
  9 bats
  3 giant cockroaches
  8 goblins
  3 hobgoblins
  6 jackals
  10 kobolds
  A quokka (D:2)
  A ball python (D:2)
  2 giant newts
  8 rats
72 creatures vanquished.

Notes
Turn   | Place    | Note
--------------------------------------------------------------
     0 | D:1      | graki42 the Deep Elf Fire Elementalist began the quest for the Orb.
     0 | D:1      | Reached XP level 1. HP: 10/10 MP: 6/6
    95 | D:1      | Reached XP level 2. HP: 15/15 MP: 0/8
   699 | D:1      | Reached skill level 4 in Fire Magic
   699 | D:1      | Reached XP level 3. HP: 19/19 MP: 7/10
   947 | D:2      | Learned a level 3 spell: Conjure Flame
   951 | D:2      | Learned a level 3 spell: Inner Flame
  1107 | D:2      | Reached XP level 4. HP: 24/24 MP: 1/12
  1483 | D:2      | Found a glowing silver altar of Zin.
  1486 | D:2      | Found a bloodstained altar of Trog.
  1489 | D:2      | Found a white marble altar of Elyvilon.
  1841 | D:3      | Learned a level 4 spell: Sticky Flame
  1950 | D:3      | Reached XP level 5. HP: 28/28 MP: 10/13
  2154 | D:4      | Noticed graki42's ghost (amateur DEFE)
  2161 | D:4      | Killed graki42's ghost
  2306 | D:4      | Reached skill level 5 in Fire Magic
  2309 | D:4      | Found a sparkling altar of Nemelex Xobeh.
  2328 | D:4      | Noticed a slave
  2339 | D:4      | Killed a slave
  2383 | D:4      | Noticed Pikel
  2384 | D:4      | Noticed a slave
  2389 | D:4      | Noticed a slave
  2390 | D:4      | Noticed a slave
  2413 | D:4      | Slain by a slave

Skill      XL: |  1  2  3  4  5 |
---------------+----------------+-----
Fire Magic     | 4 5 |  5.0
Spellcasting   | 4 |  4.8
Conjurations   | 2 3 |  3.0
Dodging        | 3 |  3.5
Fighting       | |  0.1
Stealth        | |  2.9

Action                   |  1- 3 |  4- 6 || total
-------------------------+-------+-------++-------
Melee: Dagger            |     5 |     3 ||     8
 Cast: Flame Tongue      |    57 |    83 ||   140
       Inner Flame       |       |     1 ||     1
       Sticky Flame      |       |     1 ||     1
  Use: Scroll            |       |     1 ||     1
  Eat: Chunk             |       |     4 ||     4
Armor: Robe              |     6 |    16 ||    22
Dodge: Dodged            |    23 |    37 ||    60
